 Dungeon Crawl Stone Soup version 0.29.1-1-gd02db6906a (webtiles) character file.

Game seed: 7691339584545118840

314 Earthwalker the Covered (level 6, -14/53 HPs)
             Began as a Minotaur Fighter on Oct 8, 2022.
             Killed from afar by Dowan (15 damage)
             ... with a stone arrow
             ... on level 4 of the Dungeon.
             The game lasted 00:08:20 (2854 turns).

Earthwalker the Covered (Minotaur Fighter)          Turns: 2854, Time: 00:08:20

Health: -14/53     AC:  7    Str: 21    XL:     6   Next: 19%
Magic:  5/5        EV: 10    Int:  5    God:
Gold:   238        SH:  6    Dex: 11    Spells: 5/5 levels left

rFire   . . .      SeeInvis .   a - +0 trident
rCold   . . .      Faith    .   c - +1 buckler
rNeg    . . .      Spirit   .   b - +0 scale mail
rPois   .          Reflect  .   (helmet restricted)
rElec   .          Harm     .   (no cloak)
rCorr   .          Rampage  .   (no gloves)
Will    .....                   (no boots)
Stlth   ..........              (no amulet)
HPRegen 0.17/turn               (no ring)
MPRegen 0.09/turn               (no ring)

@: lit by a corona, glowing
A: horns 2, retaliatory headbutt
a: no special abilities


You were on level 4 of the Dungeon.
You visited 1 branch of the dungeon, and saw 4 of its levels.

You collected 238 gold pieces.

Inventory:

Hand Weapons
 a - a +0 trident (weapon)
Missiles
 j - 17 poisoned darts (quivered)
 k - 4 curare-tipped darts
Armour
 b - a +0 scale mail (worn)
 c - a +1 buckler (worn)
 g - a +0 pair of boots
 i - a +0 pair of gloves
Magical Staves
 h - a staff of fire
Wands
 q - a wand of flame (21)
Scrolls
 f - a scroll of enchant armour
 l - 2 scrolls of identify
 n - 2 scrolls of teleportation {unknown}
 o - a scroll of blinking
 r - a scroll of vulnerability {unknown}
Potions
 d - a potion of might
 e - 2 potions of heal wounds
 m - 3 potions of attraction
 p - a potion of berserk rage {unknown}
 s - a potion of curing {unknown}


   Skills:
 * Level 4.6 Fighting
 * Level 4.8 Polearms
 * Level 4.9 Armour
 * Level 2.0 Dodging
 * Level 1.3 Stealth
 * Level 4.5 Shields


You had 5 spell levels left.
You didn't know any spells.
Your spell library contained the following spells:

 Spells                   Type           Power      Damage    Failure   Level
 Magic Dart               Conj           0%         1d3       87%         1
 Sandblast                Erth           0%         2d4       87%         1
 Call Imp                 Summ           0%         N/A       95%         2
 Passwall                 Tmut/Erth      0%         N/A       95%         2
 Mephitic Cloud           Conj/Pois/Air  0%         N/A       99%         3
 Ozocubu's Armour         Ice            0%         N/A       99%         3
 Stone Arrow              Conj/Erth      0%         3d7       99%         3
 Tukima's Dance           Hex            0%         N/A       99%         3
 Passage of Golubria      Tloc           0%         N/A       100%        4
 Yara's Violent Unravell  Hex/Tmut       0%         3d3       100%        5
 Ozocubu's Refrigeration  Ice            0%         4d7       100%        7


Dungeon Overview and Level Annotations

Branches:
Dungeon (4/15)
 Temple: D:4-7

Altars:
Kikubaaqudgha
Makhleb
Vehumet

Annotations:
D:4 Dowan


Innate Abilities, Weirdness & Mutations

You have a pair of horns on your head.
You reflexively headbutt those who attack you in melee.


Message History

* * * LOW HITPOINT WARNING * * *
You block Duvessa's attack.
Unknown command.
You closely miss Dowan. You headbutt Dowan, but do no damage.
Dowan is severely wounded.
Dowan smirks and points a slender finger.
Dowan points at you and mumbles some strange words.
You are outlined in light.
Duvessa hits you with a +0 rapier.
* * * LOW HITPOINT WARNING * * *
Unknown command.
You hit Dowan.
Dowan is severely wounded.
You block Duvessa's attack. You block Dowan's attack.
Duvessa barely misses you. Dowan hits you but does no damage.
Unknown command.
You hit Duvessa.
Duvessa is almost dead.
Duvessa hits you with a +0 rapier.
* * * LOW HITPOINT WARNING * * *
Dowan hits you but does no damage.
Unknown command.
You puncture Duvessa!
You kill Duvessa!
Dowan's eyes darken. "You have made a black mistake."
Dowan seems to find hidden reserves of power!
Dowan hits you but does no damage.
Your Dodging skill increases to level 2!
You have reached level 6!
You barely miss Dowan.
Dowan is severely wounded.
Dowan hits you with a +0 dagger.
* * * LOW HITPOINT WARNING * * *
You block Dowan's attack.
Unknown command.
You hit Dowan.
Dowan is almost dead.
Dowan hits you but does no damage. Dowan gestures at you while chanting.
The stone arrow hits you!
You die...

.................
.................
.................
................. ##
........)........ ...
######†#.<....... ....
.......###+####+## .....
................)#......
............†...@e......
######.###..##...#......
#.###..##...# ....#
#...#..#.<...+ !..#
#...#..#.....# ..#
############## .# .


You could see Dowan (fast).

Vanquished Creatures
  Duvessa (D:4)
  A necrophage (D:3)
  Ijyb (D:3)
  5 adders
  A worm (D:2)
  2 dart slugs (D:3)
  2 ball pythons
  9 endoplasms
  4 giant cockroaches
  6 hobgoblins
  3 quokkas
  3 bats
  A frilled lizard (D:1)
  9 goblins
  11 kobolds
  10 rats
69 creatures vanquished.

Notes
Turn   | Place    | Note
-------+----------+-------------------------------------------
     0 | D:1      | Earthwalker the Minotaur Fighter began the quest for the
                  | Orb.
     0 | D:1      | Reached XP level 1. HP: 19/19 MP: 0/0
   123 | D:1      | Reached XP level 2. HP: 26/27 MP: 1/1
   961 | D:1      | Reached XP level 3. HP: 33/33 MP: 2/2
  1282 | D:2      | Reached skill level 1 in Dodging
  1317 | D:2      | Found a faded altar of an unknown god.
  1776 | D:3      | Noticed a necrophage
  1827 | D:3      | Reached XP level 4. HP: 38/40 MP: 3/3
  1988 | D:3      | Found a burning altar of Makhleb.
  2200 | D:3      | Found an ancient bone altar of Kikubaaqudgha.
  2218 | D:3      | Noticed Ijyb
  2234 | D:3      | Killed Ijyb
  2235 | D:3      | Reached skill level 1 in Stealth
  2386 | D:3      | Reached XP level 5. HP: 47/47 MP: 4/4
  2581 | D:3      | Found a radiant altar of Vehumet.
  2836 | D:4      | Noticed Duvessa
  2836 | D:4      | Noticed Dowan
  2852 | D:4      | Killed Duvessa
  2853 | D:4      | Reached XP level 6. HP: 5/53 MP: 5/5
  2853 | D:4      | HP: 1/53 [Dowan/+0 dagger (4)]
  2854 | D:4      | Killed from afar by Dowan

Illustrated notes

Levels and vault maps discovered:
D:1:      saegor_arrival_simple_a, layout_basic,
          nicolae_concentric_dashed_squares_mild
D:2:      layout_rooms, shapermc_ecumenical_altar_ellora
D:3:      layout_basic, lemuel_doored_altar,
          mainiacjoe_overflow_six_doors_small,
          mainiacjoe_overflow_surrounded_room, nicolae_elevator_lobby_plus,
          uniq_ijyb
D:4:      layout_gridville, grunt_temple_overflow_holy_war, uniq_duvessa

Skill      XL: |  1  2  3  4  5 |
---------------+----------------+-----
Armour         | 4 |  4.9
Shields        | 4 |  4.5
Fighting       | 4 |  4.6
Dodging        | 1 2 |  2.0
Polearms       | 3 4 |  4.8
Stealth        | 1 |  1.3

Action                   |  1- 3 |  4- 6 || total
-------------------------+-------+-------++-------
Melee: Trident           |   103 |    77 ||   180
       Headbutt          |    13 |    11 ||    24
  Use: Scroll            |     7 |       ||     7
Armor: Scale mail        |    49 |    25 ||    74
Dodge: Dodged            |    38 |    27 ||    65
Block: Buckler           |    19 |    17 ||    36
